AoeStats
← Blazing Cartesia, The Virtuous

Arabia

503558256Analyzed
1v1 RM · 1mo ago on Sep 1, 2026· 62m 50s· 2 players
Game mode
Random Map
Map size
Tiny (2 player)
Population
200
Speed
Normal
Resources
Standard
Victory
Conquest
Starting age
Dark Age
Ending age
Imperial Age
RankedLock teamsTeams togetherTeam positionsShared explorationLock speedFull tech treeHidden civsTurbo modeCheats
Victory
Defeat
1199
+14
🇺🇦 Bohemians · Ukraine
1151
-14
RikkyOlaque
7:52 Loom
10:00 Feudal Age
10:07 Man-at-Arms
12:13 Double-Bit Axe
18:43 Scale Barding Armor
23:16 Castle Age
22:10 Forging
24:28 Chain Barding Armor
26:10 Husbandry
26:53 Town Watch
30:04 Iron Casting
29:40 Horse Collar
31:40 Wheelbarrow
31:56 Sanctity
33:05 Fervor
34:20 Bow Saw
34:26 Heavy Plow
35:15 Hand Cart
41:03 Fletching
44:19 Imperial Age
42:11 Scale Mail Armor
42:07 Bodkin Arrow
43:26 Chain Mail Armor
43:39 Padded Archer Armor
43:11 Pikeman
43:51 Squires
45:07 Chemistry
45:20 Ballistics
45:43 Plate Mail Armor
46:13 Blast Furnace
45:14 Bracer
46:38 Halberdier
48:11 Crossbowman
49:32 Masonry
49:37 Arbalester
51:14 Conscription
52:37 Siege Engineers
53:02 Architecture
52:05 Elite Skirmisher
58:49 Treadmill Crane
59:05 Murder Holes
60:14 Two-Man Saw
Blazing Cartesia, The Virtuous
7:17 Loom
10:23 Feudal Age
11:53 Double-Bit Axe
12:20 Fletching
18:54 Wheelbarrow
23:05 Castle Age
21:08 Horse Collar
23:32 Bloodlines
23:35 Forging
29:29 Scale Barding Armor
29:43 Bow Saw
29:40 Heavy Plow
30:01 Gold Mining
31:03 Bodkin Arrow
31:17 Husbandry
32:55 Chain Barding Armor
35:19 Gold Shaft Mining
42:42 Imperial Age
44:34 Elite Keshik
48:14 Iron Casting
48:35 Timurid Siegecraft
49:12 Conscription
48:35 Elite Skirmisher
50:50 Ballistics
50:36 Siege Engineers
51:33 Chemistry
52:16 Bracer
54:23 Padded Archer Armor
54:59 Plate Barding Armor
53:53 Light Cavalry
54:53 Masonry
55:58 Hussar
58:50 Silk Armor
63:18 Blast Furnace
62:36 Leather Archer Armor
Connection lost

Rejoining the realm…

Still unreachable

The connection could not be restored.

Session expired

The server has moved on; the page needs a fresh start.